[Event "Czech Open-GM 2022"]
[Site "Pardubice"]
[Date "2022.07.24"]
[Round "3.6"]
[White "Klabis, Rokas"]
[Black "Gnojek, Petr"]
[Result "0-1"]
[ECO "B81"]
[WhiteElo "2382"]
[BlackElo "2295"]
[Annotator "TA"]
[PlyCount "66"]
[EventDate "2022.07.22"]
[EventType "swiss"]
[EventCountry "CZE"]
[SourceTitle "playchess.com"]
[Source "ChessBase"]
[SourceQuality "1"]
[TimeControl "40/5400+30:1800+30"]

1. e4 c5 2. Nf3 e6 3. d4 cxd4 4. Nxd4 Nf6 5. Nc3 d6 6. g4 h6 7. Rg1 g5 {[%emt 0:00:16] B81: Sicilian Scheveningen: Keres Attack.} 8. Be3 (8. h4 $5) 8... a6 9. Qf3 Nbd7 {[%emt 0:01:08] White is slightly better.} 10. O-O-O Be7 {[%emt 0:06:48] [#]} 11. Be2 $146 ({Predecessor:} 11. h4 Rg8 12. hxg5 hxg5 13. Qh3 Ne5 14. Bxg5 Rxg5 15. f4 Rxg4 16. fxe5 Rxg1 17. exf6 Bxf6 {½-½ (41) Getz,A (2321)-Arnold,M (2529) Saint Louis 2012}) 11... Qc7 12. h4 gxh4 13. Qh1 Nc5 (13... Ng8 $16) 14. f4 $1 $18 b5 (14... e5 $16 {was worth a try.}) 15. g5 $1 hxg5 16. fxg5 Nh7 (16... Nfd7 17. g6 Ne5 18. gxf7+ (18. g7 Rg8 $11) 18... Nxf7 19. Rdf1 (19. Rg7 Bf8 $14)) 17. a3 (17. Qxh4 b4 18. Nd5 (18. Nb1 Bb7 $14) 18... exd5 $16) (17. g6 $18 fxg6 18. Rxg6) 17... Nf8 {[%emt 0:02:29] [#]} 18. g6 $2 (18. Nf5 $1 $18 ) 18... Nxg6 $11 {[%emt 0:09:59] Hoping for ...Bb7.} 19. Nf5 $1 Bd7 (19... exf5 $11 {and Black stays safe.} 20. exf5 Bxf5 21. Qxa8+ Qc8) 20. Rxg6 {[%emt 0:08:49][%mdl 64] Remove Defender} fxg6 (20... exf5 $142 21. e5 Bc6) 21. Nxe7 $18 Kxe7 22. Bg5+ $2 (22. e5 $1 $18 d5 23. Qg1) 22... Ke8 $14 23. Bf6 (23. e5 $14 d5 24. Bf6) 23... Rg8 $2 (23... Rh7 $15 {stays ahead.} 24. e5 Bc6) 24. Qh2 (24. b4 $18 Nb7 25. Qxh4) 24... Rc8 {[%emt 0:04:57][%cal Oc5e4] ...Nxe4! is the strong threat.} 25. Bf3 {[%emt 0:02:56] This bishop pair is nice.} (25. e5 $16 d5 26. Qxh4) 25... a5 (25... Na4 $11 {remains equal.}) 26. b4 $2 (26. Qxh4 $16 {stays on course. Qh7 would kill now.} Bc6 27. Be2) 26... axb4 $2 ({Black should try} 26... Rf8 $19 27. Qxh4 Nb3+ $1 28. Kb1 Rxf6 $1 29. Qxf6 Qxc3 30. Qxc3 Rxc3) 27. axb4 $2 {[%emt 0:00:03][%mdl 8192] [#]} (27. Qxh4 $15 Bc6 28. axb4) 27... Nb3+ $1 28. Kb2 $19 Rf8 ({Worse is} 28... e5 29. Nd5 Qa7 30. cxb3 $11) 29. Qxh4 {[%emt 0:00:07] [#]} (29. Rd3 Nd2 30. Qxh4 Nc4+ 31. Kb1) 29... e5 $1 30. Rd3 Nd4 31. Bh5 Be6 ({Weaker is} 31... gxh5 32. Qxh5+ Rf7 33. Qh8+ Rf8 34. Qh5+ Rf7 35. Qh8+ Rf8 36. Qh5+ $11) 32. Bxg6+ {[%emt 0:00:04] [#]} Kd7 $1 {[%emt 0:00:03] aiming for ...Qc4.} 33. Rxd4 (33. Qh7+ $19 Kc6 34. Qxc7+ Rxc7 35. Bh4) 33... Qxc3+ {[%emt 0:00:05] What a bad dream for White.  Weighted Error Value: White=0.94/Black=0.81} 0-1

[Event "Czech Open-GM 2022"]
[Site "Pardubice"]
[Date "2022.07.24"]
[Round "3.7"]
[White "Dubinski, Mateusz"]
[Black "Niedbala, Bartlomiej"]
[Result "1/2-1/2"]
[ECO "E04"]
[WhiteElo "2206"]
[BlackElo "2381"]
[Annotator "TA"]
[PlyCount "53"]
[EventDate "2022.07.22"]
[EventType "swiss"]
[EventCountry "CZE"]
[SourceTitle "playchess.com"]
[Source "ChessBase"]
[SourceQuality "1"]
[TimeControl "40/5400+30:1800+30"]

1. d4 Nf6 2. c4 e6 3. g3 d5 4. Bg2 dxc4 5. Nf3 Bb4+ 6. Bd2 a5 7. a3 {[%emt 0:01:00] E04: Open Catalan: 5 Nf3.} Bxd2+ 8. Nbxd2 b5 9. b3 $1 cxb3 10. Qxb3 c6 11. O-O {[%emt 0:02:14][%mdl 1024] White has compensation.} O-O 12. Rfc1 Bd7 13. Ne5 Be8 {[%emt 0:01:47] [#]} 14. e3 $146 ({Predecessor:} 14. Qb2 Nd5 15. Nb3 f6 16. Nd3 Na6 17. Qd2 a4 18. Nbc5 Nxc5 19. Rxc5 Qd6 20. Rac1 Rd8 21. Bxd5 cxd5 22. Nb4 Rf7 23. Qd3 {½-½ (23) Kishkin,S (2378)-Mende,I (2319) ICCF email 2013}) 14... Nd5 15. Ne4 Qe7 16. Nc5 Kh8 17. Ned3 Ra7 18. Re1 Nd7 19. Nxd7 Rxd7 20. Rac1 Rd8 21. Rc5 f6 {[%emt 0:04:17] Inhibits Ne5.} 22. Rec1 e5 23. Bxd5 cxd5 24. Qc3 Bg6 25. Rxb5 exd4 26. exd4 {[%emt 0:01:36] With the idea Nc5.} Qe2 {[%emt 0:02:49] [#] Hoping for ...Be4.} 27. Rb3 {[%emt 0:01:16] Weighted Error Value: White=0.09 (flawless) /Black=0.08 (flawless)} 1/2-1/2

[Event "Czech Open-GM 2022"]
[Site "Pardubice"]
[Date "2022.07.24"]
[Round "3.8"]
[White "Neuman, Petr"]
[Black "Savitha Shri B"]
[Result "1/2-1/2"]
[ECO "A22"]
[WhiteElo "2378"]
[BlackElo "2278"]
[Annotator "TA"]
[PlyCount "142"]
[EventDate "2022.07.22"]
[EventType "swiss"]
[EventCountry "CZE"]
[SourceTitle "playchess.com"]
[Source "ChessBase"]
[SourceQuality "1"]
[TimeControl "40/5400+30:1800+30"]

1. c4 Nf6 2. Nc3 e5 3. g3 Nc6 4. Bg2 Bb4 5. e4 d6 6. Nge2 Bg4 $1 {[%emt 0:02:27] 6...Bg4 scores better than 6...0-0.} 7. h3 {[%emt 0:05:47] A25: English Opening vs King's Indian with ...Nc6 but without early d3.} Bh5 {[%emt 0:09:36] [#]} 8. O-O $146 ({Predecessor:} 8. Qa4 O-O 9. O-O Bc5 10. d3 h6 11. Bd2 Re8 12. Rae1 Qd7 13. Nd5 Nxd5 14. cxd5 Nb8 {1-0 (62) Herrmann,M (2075)-Kranewitter,N (2006) Germany 2017}) 8... Qd7 (8... Bc5 $11) 9. d3 {[%emt 0:03:07] White is slightly better.} Bxe2 10. Nxe2 Bc5 11. a3 a5 {[%emt 0:01:07] Against b4} 12. b3 Nd4 13. Bb2 Nxe2+ 14. Qxe2 O-O 15. Kh2 Bd4 (15... Qc6 $11 {remains equal.}) 16. Bxd4 $16 exd4 17. f4 c5 18. b4 axb4 19. axb4 cxb4 20. Qb2 Qc7 21. Qxd4 (21. Qxb4 $16 Nd7 22. Qb2) 21... Nd7 22. Qb2 Qc5 23. Rfb1 Qe3 (23... Ra3 $11) 24. d4 (24. Qxb4 $14 Nc5 25. Re1 Qxd3 26. Rad1) 24... Rxa1 25. Qxa1 Nf6 {[%emt 0:00:41] [#] ...Nh5 is the strong threat.} 26. Re1 Qd3 27. Qb2 Qxc4 (27... Nh5 $5 28. Qf2 Qxc4 $11) 28. Rb1 Qd3 29. Qxb4 Nxe4 30. Rb3 $1 Qe2 {[%emt 0:00:22] White must now prevent ...Nd2.} 31. Rb2 {[%emt 0:12:10] Inhibits Nd2.} Qe3 32. Rb3 (32. Bxe4 $11 Qxe4 33. Qxd6) 32... Qe2 (32... Qf2 $17 {Threatens to win with ...Nd2.} 33. Rf3 Qe2 34. Qxb7 g6) 33. Rb2 $11 {[%emt 0:00:06] Inhibits Nd2.} Qe3 (33... Qd3 $11 34. Bxe4 Qxe4) 34. Rb3 $17 Qf2 35. Rf3 Qe2 36. Qxb7 Nd2 37. Ra3 Qf2 ({Black should play} 37... g6 $17 {Hoping for ...Re8.} 38. h4 Nf1+ 39. Kh3 Qe6+ 40. g4 (40. f5 $2 Qxf5+ 41. g4 Qf4 $19) 40... Ne3) 38. Ra1 {[%emt 0:01:07] [#]} (38. h4 $11) 38... Qxd4 (38... g6 $1 $17 {aiming for ...Re8.} 39. h4 Re8) 39. Rd1 $11 Qc3 (39... Qf2 $2 40. Qd5 $18) 40. Qc6 Qxc6 41. Bxc6 $15 {[%emt 0:30:05][%mdl 4096] Endgame KRB-KRN} Rc8 42. Ba4 Ne4 43. Rd4 Nc5 44. Bd1 Rc6 45. Bf3 Rb6 46. h4 g6 47. h5 Kg7 48. hxg6 hxg6 49. Bd5 Nd7 50. g4 Nf6 51. Bf3 Nd7 52. g5 Nc5 53. Kg3 Rb3 54. Kg4 Nd3 (54... Ne6 $5 55. Rxd6 Rb4 $17) 55. Bg2 {[%emt 0:00:00] The position is equal.} Nf2+ 56. Kh4 Rd3 57. Rxd3 Nxd3 $11 {[%emt 0:00:02] KB-KN} 58. Kg4 Nb4 59. Be4 Kf8 60. f5 $1 gxf5+ 61. Kxf5 Ke7 62. g6 fxg6+ 63. Kxg6 Ke6 64. Kg5 Ke5 65. Bh7 $1 Nd5 66. Bg8 $1 Nf6 67. Ba2 Ne4+ 68. Kg4 Kd4 69. Kf4 Nd2 70. Bg8 d5 71. Bxd5 Kxd5 {[%emt 0:00:02] Weighted Error Value: White=0.13 (very precise) /Black=0.15 (very precise)} 1/2-1/2

[Event "Czech Open-GM 2022"]
[Site "Pardubice"]
[Date "2022.07.24"]
[Round "3.9"]
[White "Jonsson, Gauti Pall"]
[Black "Keller, Peter"]
[Result "0-1"]
[ECO "C45"]
[WhiteElo "2071"]
[BlackElo "2377"]
[Annotator "TA"]
[PlyCount "92"]
[EventDate "2022.07.22"]
[EventType "swiss"]
[EventCountry "CZE"]
[SourceTitle "playchess.com"]
[Source "ChessBase"]
[SourceQuality "1"]
[TimeControl "40/5400+30:1800+30"]

1. e4 e5 2. Nf3 Nc6 3. d4 exd4 4. Nxd4 Nf6 5. Nxc6 bxc6 6. e5 Qe7 7. Qe2 Nd5 8. h4 Qe6 {[%emt 0:09:28] C45: Scotch Game.} 9. g3 d6 10. c4 Nb6 {[%emt 0:00:39] [#] Black is slightly better.} 11. c5 $146 ({Predecessor:} 11. Bg2 Bb7 12. O-O dxe5 13. b3 O-O-O 14. Bb2 Bd6 15. Nd2 Rhe8 16. Ne4 Be7 17. Rfe1 {½-½ (39) Abdusattorov,N (2627)-So,W (2770) Chess.com INT 2020}) 11... Nd5 12. exd6 cxd6 13. Bd2 Rb8 14. b3 Nb4 {[%emt 0:06:38] [#] Hoping for ...Nc2+.} 15. Qxe6+ (15. Bxb4 {looks sharper.} Rxb4 16. Qxe6+ Bxe6 17. cxd6 Re4+ 18. Kd2) 15... Bxe6 16. Bxb4 Rxb4 17. Nc3 (17. cxd6 $11 {keeps the balance.} Bd5 18. Rh2) 17... dxc5 (17... d5 $5 18. Na4 g6 $17) 18. O-O-O Be7 19. Bg2 {[#]} Rb6 20. Na4 Ra6 21. Rhe1 O-O (21... c4 $17 22. Bf1 Ra5) 22. Bf1 (22. Bh3 $1 $11 {remains equal.}) 22... c4 $17 23. Rxe6 fxe6 24. Bxc4 Ra5 25. Bxe6+ Kh8 {[%emt 0:00:02] aiming for ...Re5.} 26. f4 {[%emt 0:00:43] Against Re5} Rd8 27. Re1 Rb5 28. Kc2 Rb7 29. Nb2 g6 30. Nc4 Bd6 31. Bg4 Bc5 32. Re2 {[%emt 0:01:06] Against Bf2} Kg7 33. Bf3 Rc7 (33... Re7 $17 {Threatens to win with ...Rxe2+.} 34. Ne5 Rd6) 34. Na5 Bb4 35. Nc4 Re7 {[%emt 0:00:26] Strongly threatening ...Rxe2+.} 36. Rxe7+ ({White should play} 36. Ne5) 36... Bxe7 37. Bxc6 {[%emt 0:03:56][%mdl 4096] Endgame KRB-KBN} (37. h5 $17) 37... Bc5 $19 38. a4 (38. g4 $142) 38... Bf2 39. g4 Bxh4 40. f5 gxf5 41. gxf5 Be1 42. Be4 h5 {[%emt 0:01:40][%cal Bh7h5,Bh5h4][%mdl 32] Black is clearly winning.} 43. Bf3 h4 44. Bg4 Kf6 45. Bh3 a5 46. Kc1 Rd3 {[%emt 0:04:01][%csl LRb3,LRh3] Weighted Error Value: White=0.27 (precise) /Black=0.10 (very precise)} 0-1

[Event "Czech Open-GM 2022"]
[Site "Pardubice"]
[Date "2022.07.24"]
[Round "3.10"]
[White "Sorensen, Hampus"]
[Black "Crevatin, Leo"]
[Result "1/2-1/2"]
[ECO "A06"]
[WhiteElo "2376"]
[BlackElo "2259"]
[Annotator "TA"]
[PlyCount "75"]
[EventDate "2022.07.22"]
[EventType "swiss"]
[EventCountry "CZE"]
[SourceTitle "playchess.com"]
[Source "ChessBase"]
[SourceQuality "1"]
[TimeControl "40/5400+30:1800+30"]

1. Nf3 d5 2. g3 Nf6 3. Bg2 c6 4. O-O Bf5 5. c4 e6 6. Qb3 Qb6 7. d3 {[%emt 0:00:25] A11: English Opening: 1...c6.} Nbd7 8. cxd5 exd5 9. Qc2 {[%emt 0:00:44][%cal Oe2e4] White has an edge.} Be7 (9... Qc5 $5 10. Qa4 Bd6 $11) 10. Nc3 O-O 11. e4 Bg4 12. h3 {[%emt 0:04:35] [#]} (12. Be3 $5 Qa6 13. Rac1 $14) 12... Bh5 $146 (12... Bxf3 $11 13. Bxf3 Ne5) ({Predecessor:} 12... dxe4 13. dxe4 Be6 14. Be3 Qa5 15. Ng5 Bc5 16. Nxe6 fxe6 17. Bxc5 Qxc5 18. Kh2 Kh8 {½-½ (50) Spata,G (2290)-Sarkar,J (2356) Chess.com INT 2021}) 13. Nh4 $16 dxe4 14. dxe4 Bg6 15. Be3 Qc7 16. f4 Ne8 17. Nxg6 hxg6 18. e5 Bc5 19. Rae1 (19. Bf2 $16) 19... Bxe3+ $14 20. Rxe3 Qb6 21. Rfe1 {[%emt 0:02:47] And now Na4 would win. 0x0.0005eafb0671dp-1022s more active pieces.} Nc7 22. Kh1 (22. Na4 $5 Qb5 23. Rd3 $16) 22... Nc5 23. g4 N7e6 24. f5 Nd4 25. Qb1 {[%emt 0:02:01] Strongly threatening b4.} a5 26. fxg6 fxg6 27. e6 Rf6 (27... Ndxe6 $142 28. Rxe6 Nxe6 29. Rxe6 Rf2) 28. e7 $16 Re8 29. Rf1 ({White should try} 29. Qd1 $16 Nce6 30. Ne4) 29... Rxf1+ (29... Kf7 $1 $14) 30. Bxf1 $18 Nce6 31. Qxg6 Rxe7 32. b3 (32. Bc4 $18) 32... Qc7 $1 $11 33. Bc4 Qf4 $1 34. Qe4 {[%emt 0:00:24] [#] aiming for Qxf4.} Kf8 35. Qxf4+ ({Don't go for} 35. Bxe6 $2 Qf1+ 36. Kh2 Rxe6 37. Qxe6 Qf2+ 38. Kh1 Qf1+ 39. Kh2 Nxe6 40. Rxe6 Qf2+ 41. Kh1 Qg3 $19) 35... Nxf4 {[%emt 0:00:02] Pair of Knights!} 36. Rxe7 Kxe7 37. Kh2 b5 38. Bf1 $1 {[%emt 0:00:51] Weighted Error Value: White=0.16 (very precise) /Black=0.14 (very precise)} 1/2-1/2

[Event "Czech Open-GM 2022"]
[Site "Pardubice"]
[Date "2022.07.24"]
[Round "3.11"]
[White "Svanda, Ondrej"]
[Black "Mullick, Raahil"]
[Result "1-0"]
[ECO "A06"]
[WhiteElo "2363"]
[BlackElo "2237"]
[Annotator "TA"]
[PlyCount "85"]
[EventDate "2022.07.22"]
[EventType "swiss"]
[EventCountry "CZE"]
[SourceTitle "playchess.com"]
[Source "ChessBase"]
[SourceQuality "1"]
[TimeControl "40/5400+30:1800+30"]

1. Nf3 d5 2. g3 Nf6 3. Bg2 c6 4. O-O Bf5 5. d3 h6 6. c4 e6 7. cxd5 exd5 8. Nc3 Be7 9. Qc2 {[%emt 0:01:29] [#] A11: English Opening: 1...c6.} Na6 $146 ({Predecessor:} 9... O-O 10. e4 dxe4 11. dxe4 Bh7 12. Bf4 Na6 13. Rad1 Qa5 14. Nd4 Rfe8 15. f3 Rad8 16. Kh1 Bf8 {0-1 (37) Atabayev,M (2475)-Iskusnyh,S (2473) Chess.com INT 2020}) 10. a3 Nc5 11. Nd4 {[%emt 0:05:58] White has an edge.} (11. b4 $5 Ne6 12. e4 $11) 11... Bh7 12. b4 Ne6 13. Nxe6 fxe6 14. e4 O-O 15. Bb2 d4 (15... a5 $14) 16. Na4 e5 17. Bh3 Bd6 18. Nc5 Qe7 19. Rae1 Kh8 20. Ne6 Rfe8 21. f4 a5 22. fxe5 (22. bxa5 {feels hotter.} Rxa5 23. fxe5 Bxe5 24. Nxd4 Qd6 25. Nf5) 22... Bxe5 23. Bxd4 ({Reject} 23. Nxd4 axb4 24. Nf5 (24. axb4 $2 Qxb4 25. Nxc6 bxc6 $19) 24... Bxf5 25. exf5 Qd6 26. axb4 Bxb2 27. Qxb2 Rxe1 28. Rxe1 Qxd3 $15) (23. Qc5 {keeps more tension.} Qxc5 24. bxc5 Bg8 25. Nf4) 23... Bxd4+ 24. Nxd4 axb4 25. axb4 Qxb4 26. Ne6 Nd7 {[%emt 0:13:23][%cal Bf6d7,Bd7e5,Be5c4][%mdl 32] Inhibits Qc5.} 27. Qf2 {[%emt 0:19:06][%cal Oe6g7] Strongly threatening Nxg7!} Ne5 28. Rd1 {[%emt 0:00:17] d4 is the strong threat.} Re7 29. d4 Nc4 30. e5 Be4 31. Nf4 Qb3 32. Ra1 {[%emt 0:00:47] Prevents Ra2.} Rxa1 (32... Ree8 $1 $14) 33. Rxa1 $16 {Hoping for Qe2.} Qc3 34. Re1 $40 {[%emt 0:01:17][%mdl 128] White attacks with force.} Bh7 (34... Nd2 $16 {is a better defense.} 35. Bg2 Bxg2 36. Kxg2 (36. Ng6+ Kh7 $11) 36... Kh7) 35. Be6 $1 $18 Re8 {[%emt 0:00:50] [#]} 36. Bf7 $1 Ra8 37. Ng6+ Bxg6 38. Bxg6 {[%emt 0:00:01] aiming for e6.} Qb4 39. e6 {[%emt 0:00:01][%cal Be5e6,Be6e7][%mdl 32] White wants to mate with e7.} Qe7 40. Qf7 Qb4 (40... Qf6 $18 41. e7 Qxf7 42. Bxf7 Nd6 43. e8=Q+ Nxe8 44. Bxe8 Kh7) 41. Rb1 (41. Rf1 $142 Nd2 {[#]} 42. e7 $1 Qxe7 43. Qxe7 Nxf1 44. Kxf1 Rc8 45. Qxb7 Rg8 46. Qxc6) 41... Qd2 42. e7 {[%emt 0:00:28] Active counter play!} Qxd4+ 43. Kh1 {[%emt 0:00:03] Weighted Error Value: White=0.09 (flawless) /Black=0.49} 1-0

[Event "Czech Open-GM 2022"]
[Site "Pardubice"]
[Date "2022.07.24"]
[Round "3.12"]
[White "Donchenko, Alexander"]
[Black "Soham Datar"]
[Result "1-0"]
[ECO "B23"]
[WhiteElo "2640"]
[BlackElo "2111"]
[Annotator "TA"]
[PlyCount "55"]
[EventDate "2022.07.22"]
[EventType "swiss"]
[EventCountry "CZE"]
[SourceTitle "playchess.com"]
[Source "ChessBase"]
[SourceQuality "1"]
[TimeControl "40/5400+30:1800+30"]

1. e4 c5 2. Nc3 d6 3. d4 cxd4 4. Qxd4 Nc6 5. Qd2 g6 6. b3 {[%emt 0:00:08] B23: Closed Sicilian: Lines without g3.} Bh6 7. f4 Nf6 8. Bb2 {[%emt 0:00:11] The position is equal.} e5 (8... a5 $11) 9. g3 $14 O-O {[%emt 0:00:08] White should prevent ...exf4.} 10. O-O-O Re8 {[%emt 0:14:43] [#]} 11. h3 $146 {[%emt 0:06:45] [#]} (11. Bg2 $11) ({Predecessor:} 11. Kb1 Nd4 12. Bg2 Bg4 13. Rf1 d5 14. h3 Be6 15. g4 Nxe4 16. Nxe4 dxe4 17. Bxe4 {0-1 (38) Shirov,A (2704)-Dominguez Perez,L (2752) Berlin 2022}) 11... Be6 $2 ({Don't play} 11... exf4 $6 12. Bg2 $11) ({Black should play} 11... Nh5 $1 $17 12. Nge2 {[#]} Nxg3 $1 ) 12. Nge2 Qa5 (12... a5 $11) 13. Bg2 $16 ({Don't go for} 13. Qxd6 $2 Rad8 14. Qa3 Rxd1+ 15. Nxd1 Qxa3 16. Bxa3 Nxe4 $17) 13... Rad8 14. Kb1 Nh5 15. Bf3 Nf6 16. Qe1 (16. Rhf1 $142) 16... Qa6 ({Better is} 16... Bg7) 17. h4 ({White should try} 17. Qf2) 17... b5 {[%emt 0:05:38] This move loses the game for Black.} (17... Bg7 $16) 18. h5 {[%emt 0:03:40] Black must now prevent hxg6.} Bg7 19. hxg6 hxg6 20. g4 ({Not} 20. Nd5 Qc8 $16) 20... b4 21. Nd5 Bxd5 22. exd5 Na5 (22... Nd4) 23. g5 $18 Nd7 24. f5 {[%emt 0:00:55] Hoping for Qh4.} gxf5 25. Ng3 Nf8 26. Nxf5 {[%emt 0:00:25] Qh4 would kill now.} Ng6 {[%emt 0:00:05] Inhibits Qh4.} 27. Qg3 {[%emt 0:00:44] Strongly threatening Qh2.} Rc8 28. Qh3 {[%emt 0:00:18] Weighted Error Value: White=0.25 (precise) /Black=0.82} (28. Qh2 $142 Kf8 29. Qh7 Re7 30. Qxg7+ Ke8 31. Bg4 Rxc2 32. Rh8+ Kd7 33. Nxe7+ Kc7 34. Nxg6) 1-0

[Event "Czech Open-GM 2022"]
[Site "Pardubice"]
[Date "2022.07.24"]
[Round "3.13"]
[White "Kokoszczynski, Jan"]
[Black "Livaic, Leon"]
[Result "1/2-1/2"]
[ECO "D31"]
[WhiteElo "2297"]
[BlackElo "2576"]
[Annotator "TA"]
[PlyCount "81"]
[EventDate "2022.07.22"]
[EventType "swiss"]
[EventCountry "CZE"]
[SourceTitle "playchess.com"]
[Source "ChessBase"]
[SourceQuality "1"]
[TimeControl "40/5400+30:1800+30"]

1. d4 d5 2. c4 e6 3. Nc3 Bb4 4. e3 Nf6 5. Nf3 O-O 6. Bd2 c5 7. a3 Bxc3 8. Bxc3 Ne4 {[%emt 0:06:56] 8...Ne4 is better than 8...cxd4. E51: Nimzo-Indian: Rubinstein: 4...0-0 5 Nf3 d5.} 9. Rc1 b6 10. dxc5 bxc5 11. Bd3 {[%emt 0:01:17] [#]} Bb7 $146 ({Predecessor:} 11... Nxc3 12. Rxc3 Nd7 13. cxd5 exd5 14. O-O Bb7 15. Bf5 Rc8 16. Qc2 c4 17. Bxh7+ Kh8 {1-0 (41) Hayrapetyan,A (2371)-Babujian,L (2459) Yerevan 2018}) 12. Bxe4 dxe4 13. Qxd8 Rxd8 14. Nd2 Nd7 15. Ke2 a5 16. a4 Bc6 17. b3 (17. Ra1 {with more complications.} Nb6 18. b3 Rd3 19. Nb1) 17... Rdb8 (17... f6 $11 {remains equal.}) 18. Kd1 f6 19. Kc2 Kf7 20. Rhd1 Nb6 21. Ra1 Rb7 22. Nb1 Ke7 23. Rd2 Rd7 24. Na3 Rxd2+ 25. Bxd2 Nd7 26. Bc3 Ne5 27. Bxe5 fxe5 $14 {[%emt 0:00:04][%mdl 4096] Endgame KRB-KRN} 28. Rd1 Rf8 29. Rd2 g5 30. Kd1 Rf6 {[%emt 0:02:50] The position is equal.} 31. Ke2 Rh6 32. h3 Rg6 33. Rd1 h5 34. Nb5 Rg8 35. Rd2 h4 36. Nc3 Rb8 37. Rb2 Rd8 38. Rc2 Kf7 39. Rc1 Kg6 40. Rd1 Rd3 41. Rc1 {[%emt 0:31:42] Weighted Error Value: White=0.06 (flawless) /Black=0.08 (flawless)} 1/2-1/2

[Event "Czech Open-GM 2022"]
[Site "Pardubice"]
[Date "2022.07.24"]
[Round "3.14"]
[White "Plat, Vojtech"]
[Black "Strebkovs, Andrejs"]
[Result "1/2-1/2"]
[ECO "C00"]
[WhiteElo "2554"]
[BlackElo "2283"]
[Annotator "TA"]
[PlyCount "155"]
[EventDate "2022.07.22"]
[EventType "swiss"]
[EventCountry "CZE"]
[SourceTitle "playchess.com"]
[Source "ChessBase"]
[SourceQuality "1"]
[TimeControl "40/5400+30:1800+30"]

1. e4 e6 2. Qe2 c5 3. Nf3 Nc6 4. g3 d6 5. Bg2 g6 6. c3 Bg7 7. O-O Nge7 8. Na3 O-O {[%emt 0:01:23] C00: French: Unusual White 2nd moves.} 9. Nc2 Rb8 10. d4 {[%emt 0:00:41] [#]} cxd4 $146 {[%emt 0:01:02] White is slightly better.} ({Predecessor:} 10... Qc7 11. Rd1 b5 12. Be3 cxd4 13. cxd4 a6 14. Rac1 Qd7 15. Bf4 Bb7 16. e5 Nd5 {0-1 (50) Schneider,J (2046)-Koehler,I (2009) Germany 2017}) 11. Nfxd4 Nxd4 12. Nxd4 Nc6 13. Nc2 b5 14. Rd1 Qc7 15. Be3 Ne5 16. b3 f5 (16... h5 $14) 17. exf5 $16 gxf5 18. Nd4 Bd7 19. Bg5 Rfe8 20. Rac1 Nf7 21. Qh5 {[%emt 0:05:12] 0x0.0005eadc2e67dp-1022s more active pieces.} Nxg5 22. Qxg5 Qd8 23. Qd2 Rb6 {[%emt 0:01:37] Inhibits Nc6.} 24. Re1 (24. c4 $14 bxc4 25. bxc4) 24... Qf6 $11 25. Rcd1 Kh8 26. h4 Bh6 27. Qe2 e5 28. Nc2 f4 29. Nb4 $1 {[%emt 0:01:04] Strongly threatening Nd5.} fxg3 30. fxg3 {[%emt 0:00:26] aiming for Nd5.} Qg7 31. Rd3 Rg8 {[%emt 0:04:32] White must now prevent ...Bf5.} 32. Rf1 {[%emt 0:01:06] Inhibits Bf5.} Bg4 {[%emt 0:02:09] A strong pair of Bishops.} 33. Qe1 Bh5 34. Kh2 (34. Nd5 $1 $16 ) 34... Rbb8 35. Nc6 Rbf8 {[%emt 0:00:59] [#]} (35... Qg6 $2 36. Be4 Qe8 37. Nxb8 Qxb8 38. Rf6 $18) (35... Rbe8 $11 {keeps the balance.}) 36. Rxf8 $1 $16 (36. Rxd6 $2 Rxf1 37. Bxf1 {[#]} Bf4 $1 $19 ) 36... Qxf8 {[%emt 0:01:30] [#]} 37. Nxe5 $1 Qf6 38. Nd7 Qg6 39. Qe4 Qxe4 ({Better is} 39... Qg7 $14 40. Qd4 Bg6 41. Qxg7+ (41. Qxd6 $2 Bxd3 42. Qxd3 Bf4 $19) 41... Bxg7 42. Rxd6 Bxc3) 40. Bxe4 Bg7 {[%emt 0:00:33] Against Nf6} 41. Rxd6 Re8 42. Bd3 Bxc3 43. Nf6 Bxf6 44. Rxf6 {[%emt 0:00:00][%mdl 4096] Endgame KRB-KRB} Rd8 45. Bf5 (45. Bxb5 $18 {Ra6 is the strong threat.} Rd2+ 46. Kh3) 45... Rd2+ $14 46. Kg1 $1 Rxa2 47. Rf8+ Kg7 48. Rb8 Bg6 49. Bc8 Bd3 50. Bb7 a5 51. g4 a4 (51... Kf6 $5 ) 52. bxa4 Rxa4 53. Bf3 h6 54. Rb7+ Kf6 55. Rb6+ Kg7 56. Kf2 Rb4 57. Ke3 Bb1 58. h5 Bc2 59. Be2 Bb1 60. Rd6 Re4+ 61. Kd2 Rb4 62. Rb6 Rb2+ 63. Ke3 b4 64. Bc4 b3 65. Bxb3 Bc2 66. Rb7+ Kf6 67. Rf7+ Kg5 68. Bc4 Kxg4 (68... Rb4 $5 69. Rg7+ Kh4 $11) 69. Rg7+ Kxh5 70. Be2+ Kh4 71. Rg4+ Kh3 72. Rg1 Rb4 73. Bf3 Kh4 74. Rg7 Bf5 75. Rg8 Bg4 76. Be4 (76. Bxg4 $11 Rxg4 77. Rxg4+ Kxg4 78. Kf2) 76... Kg3 $17 77. Bg6 Rb3+ 78. Kd4 {Weighted Error Value: White=0.15 (very precise) /Black=0.11 (very precise)} 1/2-1/2